 Dungeon Crawl Stone Soup version 0.17-a0-1650-gce8475a (webtiles) character file.

405 kae the Firebug (level 6, -10/32 HPs)
             Began as a Tengu Fire Elementalist on Aug 13, 2015.
             Mangled by an ice beast (12 damage)
             ... on level 5 of the Dungeon.
             The game lasted 00:07:30 (6073 turns).

kae the Firebug (Tengu Fire Elementalist)           Turns: 6073, Time: 00:07:31

Health: -10/32     AC:  3    Str:  9    XL:     6   Next: 87%
Magic:  4/12       EV: 12    Int: 17    God:
Gold:   206        SH:  0    Dex: 14    Spells: 3 memorised, 5 levels left

rFire  . . .     SeeInvis .     q - +1 spear
rCold  . . .     Clarity  .     a - +1 robe
rNeg   . . .     SustAt   .     (no shield)
rPois  .         Gourm    .     g - +0 hat {MR+}
rElec  .         Spirit   .     (no cloak)
rCorr  .         Warding  .     (no gloves)
rMut   .         Stasis   .     (boots unavailable)
MR     +....                    (no amulet)
Stlth  ++........               (no ring)
                                (no ring)

@: somewhat resistant to hostile enchantments, unstealthy
A: beak, talons 3, able to fly 1
a: Fly


You were on level 5 of the Dungeon.
You were very hungry.

You visited 1 branch of the dungeon, and saw 5 of its levels.

You collected 206 gold pieces.

Inventory:

Hand weapons
 d - a +0 whip
 q - a +1 spear (weapon)
Armour
 a - a +1 robe (worn)
 g - a +0 hat of magic resistance (worn)
Scrolls
 f - 2 scrolls of teleportation
 h - 6 scrolls of remove curse
 m - 2 scrolls of fear
 o - a scroll of random uselessness
 p - 3 scrolls of immolation
Potions
 e - a potion of brilliance
 i - a potion of degeneration {unknown}
 j - 2 potions of haste {unknown}
 k - a potion of might
 t - 2 potions of poison
 v - 2 potions of agility
Books
 b - a book of Flames

   Spells                             Type                      Level
   a - Flame Tongue                   Conjuration/Fire             1
   b - Throw Flame                    Conjuration/Fire             2
   c - Conjure Flame                  Conjuration/Fire             3
   d - Inner Flame                    Hexes/Fire                   3
   e - Sticky Flame                   Conjuration/Fire             4
   f - Fireball                       Conjuration/Fire             5
Comestibles
 c - a bread ration


   Skills:
 - Level 2.1 Dodging
 - Level 2.0 Stealth
 + Level 3.4 Spellcasting
 * Level 5.0 Conjurations
 * Level 6.1 Fire Magic


You had 5 spell levels left.
You knew the following spells:

 Your Spells              Type           Power        Failure   Level  Hunger
a - Flame Tongue          Conj/Fire      ###..        1%          1    None
b - Throw Flame           Conj/Fire      ###...       2%          2    ##.....
c - Conjure Flame         Conj/Fire      ###.....     8%          3    ###....


Dungeon Overview and Level Annotations

Branches:
Dungeon (5/15)
 Temple: D:4-7

Altars:
Ashenzari
Elyvilon
Fedhas
Gozag
Okawaru


Innate Abilities, Weirdness & Mutations

You have a beak for a mouth.
You have claws for feet.
You can fly.


Message History

* * * LOW HITPOINT WARNING * * *
Casting: Flame Tongue
Confirm with . or Enter, or press ? or * to list all spells.
Aiming: Flame Tongue
Press: ? - help, Shift-Dir - straight line, f/p - ice beast
Aim: an ice beast (heavily wounded)
The flame tongue hits the ice beast.
The ice beast melts!
The ice beast is almost dead.
The ice beast barely misses you.
Casting: Flame Tongue
Confirm with . or Enter, or press ? or * to list all spells.
Aiming: Flame Tongue
Press: ? - help, Shift-Dir - straight line, f/p - ice beast
Aim: an ice beast (almost dead)
The flame tongue hits the ice beast.
The ice beast appears unharmed.
The ice beast is almost dead.
The ice beast hits you.
* * * LOW HITPOINT WARNING * * *
The ice beast freezes you!
You die...

##### #...... ....##
....... .....#
....... .....##
....... ......##
....... .......#
....... .......##
##Y...... ........#
##@# ........# #..#
........# ##.##
.......#######..#
.........##.....####
.........†.........#
.......###.......###
.......# #.......#
......## ##......#


You could see an ice beast.

Vanquished Creatures
  A scorpion (D:5)
  Terence (D:3)
  An orc wizard (D:3)
  Natasha (thrice) (D:2)
  An iguana (D:4)
  A hound skeleton (D:4)
  Robin (D:3)
  4 gnolls (D:2)
  10 adders
  2 worms
  3 giant geckos
  4 orcs
  6 giant cockroaches
  14 goblins
  8 hobgoblins
  7 jackals
  7 kobolds
  12 bats
  4 giant newts
  3 quokkas
  6 rats
99 creatures vanquished.

Notes
Turn   | Place    | Note
--------------------------------------------------------------
     0 | D:1      | kae the Tengu Fire Elementalist began the quest for the Orb.
     0 | D:1      | Reached XP level 1. HP: 10/10 MP: 4/4
   230 | D:1      | Reached XP level 2. HP: 15/15 MP: 3/6
  1183 | D:2      | Reached XP level 3. HP: 10/19 MP: 1/7
  1300 | D:2      | Reached skill level 4 in Fire Magic
  1428 | D:2      | Noticed Natasha
  1435 | D:2      | Killed Natasha
  1435 | D:2      | Reached XP level 4. HP: 8/24 MP: 5/8
  2183 | D:2      | Learned a level 2 spell: Throw Flame
  2187 | D:2      | Learned a level 3 spell: Conjure Flame
  2234 | D:2      | Gained mutation: You can fly. [Tengu growth]
  2234 | D:2      | Reached XP level 5. HP: 16/28 MP: 7/10
  2417 | D:2      | Noticed Natasha
  2430 | D:2      | Killed Natasha
  2469 | D:2      | Noticed Natasha
  2473 | D:2      | Killed Natasha
  2705 | D:3      | Reached skill level 5 in Fire Magic
  3014 | D:3      | Found an iron altar of Okawaru.
  3238 | D:3      | Found a blossoming altar of Fedhas.
  3282 | D:3      | Noticed Robin
  3317 | D:3      | HP: 1/28 [goblin/dagger[Robin] (1)]
  3339 | D:3      | Killed Robin
  3676 | D:3      | Reached XP level 6. HP: 26/32 MP: 6/11
  3910 | D:3      | Noticed Terence
  3925 | D:3      | Killed Terence
  4094 | D:3      | Found an opulent altar of Gozag.
  4121 | D:3      | Found an iron altar of Okawaru.
  4121 | D:3      | Found a shattered altar of Ashenzari.
  5052 | D:4      | Found a white marble altar of Elyvilon.
  5746 | D:5      | Entered Level 5 of the Dungeon
  5955 | D:5      | Reached skill level 5 in Conjurations
  5955 | D:5      | Reached skill level 6 in Fire Magic
  6073 | D:5      | Mangled by an ice beast

Vault maps used:
D:1:      minmay_arrival_hallway
D:2:      grunt_ministairs_11, uniq_natasha
D:3:      fedhas_altar_3, lemuel_round_altar, amethyst_overflow_temple_binary,
          minmay_bad_closet, hex_medium, okawaru_trees_2, uniq_robin,
          uniq_terence
D:4:      elyvilon_altar_3, serial_forest, infiniplex_forest_join,
          infiniplex_forest_end_1, infiniplex_forest_clump_small,
          infiniplex_forest_clump_C, infiniplex_forest_lined_room_3
D:5:      old_forge, minitemple, kennysheep_little_box, serial_shops, shop,
          first_bread, uniq_pikel

Action                   |  1- 3 |  4- 6 || total
-------------------------+-------+-------++-------
Melee: Whip              |    23 |       ||    23
       Spear             |    12 |   155 ||   167
 Cast: Flame Tongue      |    34 |    80 ||   114
       Throw Flame       |       |    15 ||    15
       Conjure Flame     |       |     6 ||     6
  Use: Potion            |       |     4 ||     4
       Scroll            |       |    13 ||    13
 Stab: Sleeping          |     7 |     6 ||    13
  Eat: Chunk             |     2 |    13 ||    15
       Beef jerky        |       |     1 ||     1
